 Dungeon Crawl Stone Soup version 0.23.2-40-g277498a001 (webtiles) character file.

Game seed: 7999331553780114353

28 EtherCrawl the Ruffian (level 2, 0/23 HPs)
             Began as a Draconian Transmuter on Aug 30, 2019.
             Succumbed to Sigmund's poison
             ... on level 2 of the Dungeon.
             The game lasted 00:02:54 (1430 turns).

EtherCrawl the Ruffian (Draconian Transmuter)       Turns: 1430, Time: 00:02:55

Health: 0/23       AC:  4    Str: 17    XL:     2   Next: 96%
Magic:  0/5        EV: 18    Int: 13    God:
Gold:   84         SH:  0    Dex: 16    Spells: 2/5 levels left

rFire    . . .     SeeInvis .     - Unarmed
rCold    . . .     Gourm    .   (no shield)
rNeg     . . .     Faith    .   (armour unavailable)
rPois    .         Spirit   .   (helmet restricted)
rElec    .         Reflect  .   (no cloak)
rCorr    .         Harm     .   (no gloves)
MR       .....                  (no boots)
Stlth    ++........             (no amulet)
HPRegen  0.07/turn              (no ring)
MPRegen  0.09/turn              (no ring)

@: mighty, agile, lethally poisoned (0 -> -8), very slightly contaminated
A: unfitting armour, cold-blooded, AC +4
a: no special abilities


You were on level 2 of the Dungeon.
You were not hungry.

You visited 1 branch of the dungeon, and saw 2 of its levels.

You collected 84 gold pieces.

Inventory:

Missiles
 a - 11 arrows
 h - 80 stones (quivered)
Scrolls
 b - 2 scrolls of identify {unknown}
 f - 2 scrolls of enchant armour {unknown}
Potions
 d - a potion of curing {unknown}
 e - a potion of cancellation {unknown}
 g - a potion of agility
 i - a potion of might
 j - 2 potions of haste {unknown}
Comestibles
 c - 2 rations
 k - 2 chunks of flesh


   Skills:
 + Level 1.5 Fighting
 + Level 2.0 Dodging
 * Level 3.4 Unarmed Combat
 + Level 2.2 Spellcasting
 * Level 2.4 Transmutations


You had 2 spell levels left.
You knew the following spells:

 Your Spells              Type           Power        Failure   Level  Hunger
a - Beastly Appendage     Tmut           #.....       9%          1    ##.....
b - Sticks to Snakes      Tmut           #.......     14%         2    ###....

Your spell library contained the following spells:

 Spells                   Type           Power        Failure   Level  Hunger
 Spider Form              Tmut/Pois      #.........   41%         3    ####...
 Ice Form                 Ice/Tmut       #.......     83%         4    #####..
 Blade Hands              Tmut           #.........   94%         5    ######.


Dungeon Overview and Level Annotations

Branches:
Dungeon (2/15)

Altars:

Annotations:
D:2 Sigmund


Innate Abilities, Weirdness & Mutations

Your plain brown scales are hard. (AC +4)
You cannot fit into any form of body armour.
You are cold-blooded and may be slowed by cold attacks.


Message History

Sigmund laughs darkly.
Sigmund hits you with a +0 scythe of venom.
* * * LOW HITPOINT WARNING * * *
You are lethally poisoned!
* * * LOW HITPOINT WARNING * * *
You feel sick.
* * * LOW HITPOINT WARNING * * *
You feel sick.
Press: ? - help, v - describe, . - travel
Here: Sigmund, wielding a +0 scythe of venom and wearing a +0 robe (moderately wounded)
The floor.
* * * LOW HITPOINT WARNING * * *
You feel sick.
* * * LOW HITPOINT WARNING * * *
You feel sick.
It was a potion of agility.
You feel agile all of a sudden.
It was a potion of might.
You feel very mighty all of a sudden.
You die...

###### #.....##### ..
###.........# .# #
....#.##.#.# .# #.#.
#..#[.#..# .#
.#.###.#)##.#.## @#
..##..#.##.#.@# .#
#.##..÷#..#...#####.#
##.##..#.##.#.@r.r...#
###...............######
................###
.##...#########.# ##.##
#.# #÷# #.# #<# #.


You could see Sigmund and a rat.

Vanquished Creatures
  A dart slug (D:1)
  2 goblins
  5 hobgoblins
  A ball python (D:1)
  4 bats (D:1)
  2 frilled lizards
  5 kobolds
  6 rats
26 creatures vanquished.

Notes
Turn   | Place    | Note
-------+----------+-------------------------------------------
     0 | D:1      | EtherCrawl the Draconian Transmuter began the quest for the
                  | Orb.
     0 | D:1      | Reached XP level 1. HP: 16/16 MP: 3/3
   363 | D:1      | Reached XP level 2. HP: 20/23 MP: 3/5
   374 | D:1      | Learned a level 2 spell: Sticks to Snakes
  1408 | D:2      | Noticed Sigmund
  1428 | D:2      | HP: 1/23 [poisoned by Sigmund]
  1430 | D:2      | Succumbed to Sigmund's poison

Skill      XL: |  1  2 |
---------------+-------+-----
Dodging        | 2 |  2.0
Fighting       | |  1.5
Unarmed Combat | |  3.4
Spellcasting   | |  2.2
Transmutations | |  2.4

Action                   || total
-------------------------++-------
Melee: Unarmed           ||   118
       Tailslap          ||    12
       Kick              ||     1
 Cast: Beastly Appendage ||     4
       Sticks to Snakes  ||     1
  Use: Potion            ||     2
  Eat: Chunk             ||     2
Armor: Skin              ||    43
Dodge: Dodged            ||    89
